 Dungeon Crawl Stone Soup version 0.24.0-124-g2791043dd8 (webtiles) character file.

Game seed: 16004136749751088150, levelgen mode: deterministic

745 manon the Covert (level 7, -4/34 HPs)
             Began as a Vine Stalker Assassin on Feb 15, 2020.
             Was an Initiate of Trog.
             Slain by a killer bee (7 damage)
             ... on level 7 of the Dungeon.
             The game lasted 00:36:23 (4632 turns).

manon the Covert (Vine Stalker Assassin)            Turns: 4632, Time: 00:36:23

Health: -4/34      AC:  7    Str: 14    XL:     7   Next: 76%
Magic:  0/9        EV: 17    Int: 16    God:    Trog [......]
Gold:   162        SH:  0    Dex: 22    Spells: 5/6 levels left

rFire    . . .     SeeInvis .   a - +2 dagger
rCold    . . .     Gourm    .   (no shield)
rNeg     . . .     Faith    +   C - +3 leather armour {rPois}
rPois    +         Spirit   +   (no helmet)
rElec    .         Reflect  .   c - +0 cloak
rCorr    .         Harm     .   (no gloves)
MR       .....                  (no boots)
Stlth    +++++.....             o - amulet of faith
HPRegen  0.51/turn              (no ring)
MPRegen  0.11/turn              (no ring)

@: brilliant, agile
A: fangs 2, regeneration 1, magic shield, antimagic bite, no potion heal 3, rot
immunity
a: Renounce Religion


You were on level 7 of the Dungeon.
You worshipped Trog.
Trog was noncommittal.
You were hungry.

You visited 1 branch of the dungeon, and saw 6 of its levels.

You collected 162 gold pieces.

Inventory:

Hand Weapons
 a - a +2 dagger (weapon)
 n - a +0 hunting sling
Missiles
 d - 19 poisoned darts (quivered)
 e - a curare-tipped dart
 k - 6 silver boomerangs
Armour
 b - a +0 robe
 c - a +0 cloak (worn)
 i - a scarf of resistance
 C - a +3 leather armour of poison resistance (worn)
Jewellery
 o - an amulet of faith (around neck)
 y - an uncursed ring of magical power {unknown}
Wands
 A - a wand of paralysis (1)
 F - a wand of iceblast (4)
Scrolls
 g - a scroll of enchant armour
 j - a scroll of fog {unknown}
 m - a scroll of remove curse
 p - a scroll of fear {unknown}
 q - 2 scrolls of teleportation {unknown}
 s - 3 scrolls of identify {unknown}
 t - 2 scrolls of blinking {unknown}
 u - a scroll of enchant weapon {unknown}
 v - 2 scrolls of magic mapping {unknown}
 w - 2 scrolls of amnesia {unknown}
 z - a scroll of immolation {unknown}
Potions
 r - a potion of cancellation {unknown}
 x - a potion of might {unknown}
 B - 2 potions of agility
 D - a potion of magic {unknown}
 E - a potion of lignification {unknown}
Comestibles
 f - 10 rations


   Skills:
 - Level 1.7 Fighting
 + Level 2.5 Short Blades
 + Level 2.9 Throwing
 - Level 1.4 Dodging
 + Level 9.2 Stealth
 - Level 3.6 Hexes
 + Level 1.5 Evocations


You had 5 spell levels left.
You knew the following spells:

 Your Spells              Type           Power        Failure   Level  Hunger
a - Confusing Touch       Hex            ###...       1%          1    ##.....

Your spell library contained the following spells:

 Spells                   Type           Power        Failure   Level  Hunger
 Animate Skeleton         Necr           N/A          4%          1    ##.....
 Apportation              Tloc           #.....       4%          1    ##.....
 Summon Small Mammal      Summ           #...         4%          1    ##.....


Dungeon Overview and Level Annotations

Branches:
Dungeon (5/15)
 Temple: D:4-7

Altars:
Elyvilon
Makhleb
Trog

Annotations:
D:2 exclusion: gnoll
D:4 exclusions: gnoll and gnoll shaman


Innate Abilities, Weirdness & Mutations

You have extremely sharp teeth.
Your natural rate of healing is unusually fast.
When hurt, damage is shared between your health and your magic reserves.
Your bite disrupts and absorbs the magic of your enemies.
Potions cannot restore your health.
You are immune to rotting.


Message History

The killer bee closely misses you. The killer bee stings you.
You are poisoned.
The killer bee poisons you!
It was a potion of agility.
You feel agile all of a sudden.
You feel sick. The killer bee misses you. The killer bee stings you!
The shadow imp gestures at you. Pain shoots through your body!
* * * LOW HITPOINT WARNING * * *
The killer bee stings you but does no damage.
The killer bee completely misses you.
Evoke which item? (* to show all) (? for menu, Esc to quit)
Okay, then.
It was a potion of brilliance.
You feel clever all of a sudden.
You feel sick. The killer bee stings you. The killer bee completely misses you.
The killer bee closely misses you. The killer bee misses you.
It was a potion of curing.
Your system rejects the healing.
You feel better. The killer bee stings you!
You die...

######
#....#
#....#
#..[.#
#....##
#.†y@.#
#....y#
#)###.#
#. .#
#. 5#
#. .#
.# .#


You could see 2 killer bees and a shadow imp.

Vanquished Creatures
  Edmund (D:4)
  2 ogres
  A scorpion (D:4)
  A killer bee (D:7)
  2 orc priests (D:4)
  A hound (D:4)
  Ijyb (D:3)
  2 worker ants
  A worker ant zombie (D:5)
  4 gnolls
  4 adders
  2 oozes
  3 worms
  2 dart slugs
  2 leopard geckos
  4 orcs
  4 giant cockroaches
  7 goblins
  13 hobgoblins
  3 jackals
  7 kobolds
  A quokka (D:4)
  A ball python (D:1)
  5 bats
  7 frilled lizards
  A quokka skeleton (D:4)
  A quokka zombie (D:4)
  8 rats
  A fungus (D:1)
92 creatures vanquished.

Notes
Turn   | Place    | Note
-------+----------+-------------------------------------------
     0 | D:1      | manon the Vine Stalker Assassin began the quest for the
                  | Orb.
     0 | D:1      | Reached XP level 1. HP: 11/11 MP: 2/2
   238 | D:1      | Reached skill level 5 in Stealth
   534 | D:1      | Reached XP level 2. HP: 15/15 MP: 3/3
  1024 | D:1      | Reached XP level 3. HP: 18/18 MP: 4/4
  1620 | D:2      | Reached skill level 6 in Stealth
  1882 | D:2      | Found a bloodstained altar of Trog.
  1883 | D:2      | Found a burning altar of Makhleb.
  1926 | D:2      | Gained mutation: Your natural rate of healing is unusually
                  | fast. [Vine Stalker growth]
  1926 | D:2      | Reached XP level 4. HP: 23/23 MP: 5/5
  1958 | D:2      | Learned a level 1 spell: Confusing Touch
  2468 | D:4      | Noticed an ogre
  2470 | D:4      | Killed an ogre
  2470 | D:4      | Reached skill level 7 in Stealth
  2470 | D:4      | Reached skill level 1 in Hexes
  2470 | D:4      | Reached XP level 5. HP: 26/26 MP: 6/6
  2628 | D:3      | Noticed Ijyb
  2630 | D:3      | Killed Ijyb
  2830 | D:3      | HP: 1/26 [gnoll/+0 whip (5)]
  2831 | D:3      | Reached skill level 8 in Stealth
  2831 | D:3      | Reached XP level 6. HP: 2/30 MP: 0/7
  3236 | D:4      | Reached skill level 1 in Dodging
  3652 | D:4      | Noticed Edmund
  3661 | D:4      | Killed Edmund
  3661 | D:4      | Reached skill level 1 in Evocations
  3837 | D:4      | Found a burning altar of Makhleb.
  3885 | D:4      | Reached XP level 7. HP: 25/34 MP: 6/8
  4072 | D:2      | Became a worshipper of Trog the Wrathful
  4188 | D:4      | Found a white marble altar of Elyvilon.
  4479 | D:5      | Entered Level 5 of the Dungeon
  4491 | D:5      | Reached skill level 9 in Stealth
  4621 | D:5      | You fall into a shaft and drop 2 floors!
  4632 | D:7      | Slain by a killer bee

Levels and vault maps discovered:
D:1:      dpeg_cavernosity, layout_basic
D:2:      layout_loops_ring, nicolae_overflow_hidden_temple, first_ration
D:3:      layout_loops_ring, minmay_misc_feat_hallway, uniq_ijyb
D:4:      layout_rooms, elyvilon_altar_5, serial_curves, eino_curves_02,
          eino_curves_03, eino_curves_01, bloody_makhleb, uniq_edmund
D:5:      layout_cave_pods, serial_shops, kennysheep_mini_moat, uniq_eustachio
D:7:      layout_basic, serial_shops, nicolae_shop_stone, uniq_menkaure

Skill      XL: |  1  2  3  4  5  6  7 |
---------------+----------------------+-----
Stealth        | 5 6 7 8 9 |  9.2
Short Blades   | 2 |  2.5
Hexes          | 1 2 3 |  3.6
Dodging        | 1 |  1.4
Evocations     | 1 |  1.5
Throwing       | 2 |  2.9
Fighting       | |  1.7

Action                   |  1- 3 |  4- 6 |  7- 9 || total
-------------------------+-------+-------+-------++-------
Melee: Dagger            |    50 |    96 |    41 ||   187
       Bite              |    12 |    28 |    12 ||    52
Throw: Dart              |    39 |    26 |     9 ||    74
       Boomerang         |       |     2 |       ||     2
 Cast: Confusing Touch   |       |     5 |       ||     5
Evoke: Wand              |       |     2 |     4 ||     6
  Use: Potion            |       |       |     3 ||     3
       Scroll            |       |       |     2 ||     2
 Stab: Sleeping          |    12 |    17 |     4 ||    33
       Confused          |       |     3 |       ||     3
       Paralysed         |       |       |     1 ||     1
  Eat: Ration            |     1 |     1 |       ||     2
       Chunk             |       |     4 |       ||     4
Armor: Robe              |    11 |    10 |       ||    21
       Leather armour    |       |     2 |     7 ||     9
Dodge: Dodged            |    17 |    39 |    27 ||    83
